 Dungeon Crawl Stone Soup version 0.27-a0-380-g150de4c316 (webtiles) character file.

Game seed: 13962138965594767941

368 wampuh the Ruffian (level 6, 0/61 HPs)
             Began as a Troll Monk on Feb 18, 2021.
             Slain by a worker ant (6 damage)
             ... on level 4 of the Dungeon.
             The game lasted 00:03:14 (2012 turns).

wampuh the Ruffian (Troll Monk)                     Turns: 2012, Time: 00:03:15

Health: 0/61       AC:  4    Str: 22    XL:     6   Next: 41%
Magic:  5/5        EV: 11    Int:  6    God:
Gold:   113        SH:  0    Dex: 12    Spells: 5/5 levels left

rFire    . . .     SeeInvis .     - Unarmed
rCold    . . .     Faith    .   (no shield)
rNeg     . . .     Spirit   .   a - +0 robe
rPois    .         Reflect  .   (helmet restricted)
rElec    .         Harm     .   (no cloak)
rCorr    .         Rampage  .   (gloves unavailable)
Will     .....                  (boots unavailable)
Stlth    ++........             (no amulet)
HPRegen  1.20/turn              (no ring)
MPRegen  0.09/turn              (no ring)

@: mighty, attractive
A: large, unfitting armour, claws 3, regeneration 1, shaggy fur 1, tough skin 1
a: no special abilities


You were on level 4 of the Dungeon.
You visited 1 branch of the dungeon, and saw 4 of its levels.

You collected 113 gold pieces.

Inventory:

Missiles
 k - 4 boomerangs of dispersal (quivered)
Armour
 a - a +0 robe (worn)
Scrolls
 b - 3 scrolls of identify {unknown}
 c - a scroll of noise {unknown}
 i - 2 scrolls of amnesia {unknown}
 l - a scroll of blinking {unknown}
 m - a scroll of magic mapping {unknown}
 n - a scroll of enchant weapon {unknown}
Potions
 e - 2 potions of haste {unknown}
 g - a potion of berserk rage {unknown}
 h - 2 potions of lignification {unknown}
 j - a potion of degeneration {unknown}


   Skills:
 + Level 3.3 Fighting
 + Level 1.2 Throwing
 + Level 3.9 Dodging
 - Level 1.0 Stealth
 + Level 5.3 Unarmed Combat


You had 5 spell levels left.
You didn't know any spells.
Your spell library was empty.

Dungeon Overview and Level Annotations

Branches:
Dungeon (4/15)
 Temple: D:4-7

Altars:
Elyvilon
Yredelemnul
Zin

Shops:
D:4 (

Annotations:
D:4 3 runed translucent doors, sraybest's ghost, amateur HOFi


Innate Abilities, Weirdness & Mutations

You are too large for most types of armour.
You have claws for hands.
Your natural rate of healing is unusually fast.
You are covered in fur. (AC +1)
You have tough skin. (AC +1)


Message History

The centaur shoots an arrow.
The arrow hits you.
A worker ant comes into view.
The centaur shoots an arrow.
The arrow hits you!
The centaur shoots an arrow.
The arrow hits you!
There are monsters nearby!
A sky beast comes into view.
The centaur unwields a +0 shortbow.
The centaur hits you.
Found 17 gold pieces.
You scratch the centaur.
The centaur is lightly wounded.
The worker ant closely misses you. The centaur misses you.
The worker ant bites you!
You claw the centaur!
The centaur is heavily wounded.
The centaur hits you! The worker ant bites you.
You are too injured to fight recklessly!
It was a potion of attraction.
You feel attractive to monsters. The centaur hits you. The centaur misses you.
The worker ant closely misses you.
It was a potion of might.
You feel very mighty all of a sudden. The centaur hits you!
* * * LOW HITPOINT WARNING * * *
The worker ant closely misses you.
The sky beast flickers out of sight!
Deactivating autopickup; reactivate with Ctrl-A.
You claw the centaur!
You kill the centaur!
The worker ant bites you but does no damage.
Your Throwing skill increases to level 1!
You closely miss the worker ant. The worker ant closely misses you.
Something hits you but does no damage.
You closely miss the worker ant. The worker ant bites you.
* * * LOW HITPOINT WARNING * * *
Something hits you.
* * * LOW HITPOINT WARNING * * *
Something shocks you.
* * * LOW HITPOINT WARNING * * *
You claw something! The worker ant bites you.
You die...

#.#
###....##
#.#
#.<....#.
#.#
###.##...
#.#
#.###..
#.# ##.
.. #.# ##
.. #.# ..
#.## ##
#@.#
#{B......
#......$.
#.....###
#.####...
#.. ..###
#.. .....
##. ...


You could see a worker ant.

Vanquished Creatures
  A centaur (D:4)
  A phantom (D:4)
  An orc priest (D:3)
  An orc wizard (D:3)
  9 adders
  A worm (D:2)
  3 dart slugs
  2 leopard geckos
  2 orcs (D:3)
  9 bats
  A giant cockroach (D:2)
  6 goblins
  7 hobgoblins
  6 jackals
  11 kobolds
  2 quokkas
  2 ball pythons
  3 frilled lizards
  8 rats
76 creatures vanquished.

Notes
Turn   | Place    | Note
-------+----------+-------------------------------------------
     0 | D:1      | wampuh the Troll Monk began the quest for the Orb.
     0 | D:1      | Reached XP level 1. HP: 22/22 MP: 0/0
    38 | D:1      | Reached XP level 2. HP: 27/29 MP: 1/1
   457 | D:1      | Reached XP level 3. HP: 32/36 MP: 2/2
   611 | D:2      | Reached skill level 4 in Unarmed Combat
   611 | D:2      | Reached XP level 4. HP: 37/44 MP: 3/3
  1029 | D:2      | Found a glowing silver altar of Zin.
  1239 | D:3      | Reached XP level 5. HP: 52/52 MP: 4/4
  1409 | D:3      | Found a white marble altar of Elyvilon.
  1472 | D:3      | Reached skill level 5 in Unarmed Combat
  1561 | D:3      | Found a basalt altar of Yredelemnul.
  1887 | D:4      | Noticed a phantom
  1894 | D:4      | Killed a phantom
  1895 | D:4      | Reached XP level 6. HP: 61/61 MP: 5/5
  1900 | D:4      | Found Rorom's Antique Weapon Shop.
  1910 | D:4      | Found a runed translucent gate.
  1910 | D:4      | Found a runed translucent gate.
  1911 | D:4      | Found a runed translucent gate.
  1914 | D:4      | Noticed sraybest's ghost (amateur HOFi)
  2003 | D:4      | Noticed a sky beast
  2010 | D:4      | Reached skill level 1 in Throwing
  2012 | D:4      | Slain by a worker ant

Illustrated notes

Levels and vault maps discovered:
D:1:      dpeg_arrival_houses_and_road, layout_basic,
          minmay_misc_feat_diagonals, hangedman_abyss_or_decor_lesser_grid
D:2:      layout_basic, nicolae_overflow_hidden_temple, minmay_tiny_reverse_x
D:3:      layout_rooms, kennysheep_ying_yang
D:4:      layout_rooms, minmay_temple_entry_mini_moons,
          gammafunk_ghost_necromancy, serial_shops, shop, kennysheep_path_1,
          minmay_puff, uniq_crazy_yiuf_cottage

Skill      XL: |  1  2  3  4  5  6 |
---------------+-------------------+-----
Dodging        | 3 |  3.9
Unarmed Combat | 4 5 |  5.3
Fighting       | 3 |  3.3
Throwing       | 1 |  1.2
Stealth        | |  1.0

Action                   |  1- 3 |  4- 6 || total
-------------------------+-------+-------++-------
Melee: Unarmed           |    83 |   125 ||   208
       Punch             |       |     1 ||     1
  Use: Potion            |       |     2 ||     2
 Stab: Sleeping          |     1 |     5 ||     6
Armor: Robe              |    57 |    38 ||    95
Dodge: Dodged            |    60 |    75 ||   135

Table legend: (Time is in decaauts)
 A = Elapsed time spent in this place.
 B = Non-inter-level travel time spent in this place.
 C = Inter-level travel time spent in this place.
 D = Time resting spent in this place.
 E = Time spent auto-exploring this place.
 F = Levels seen in this place.
 G = Mean time per level.
                   A        B        C        D        E       F      G
               +--------+--------+--------+--------+--------+-----+--------+
         Total |   1995 |   1906 |     89 |     31 |   1405 |   4 |  498.8 |
       Dungeon |   1995 |   1906 |     89 |     31 |   1405 |   4 |  498.8 |
               +--------+--------+--------+--------+--------+-----+--------+

Top non-repeatable levels by time:
     D:3: 648 daAuts
     D:2: 643 daAuts
     D:1: 580 daAuts
     D:4: 123 daAuts
